| TOP OF THE 1ST |
|
Everett AquaSox batting - Pitching for Vermont Lake Monsters : RHP Kyle Rasor
|
|
Pitching: RHP Kyle Rasor
|
|
|
Batting: RHB Doug Carter
|
0-0: Ball 1-0: Called Strike 1-1: Swinging Strike 1-2: Ball 2-2: Strikes out swinging
|
|
Batting: RHB Heihachiro Fujita
|
0-0: Called Strike 0-1: Ball 1-1: Called Strike 1-2: Ball 2-2: Ground out 5-3 (Groundball, 56, EV 103.1 MPH)
|
|
Batting: RHB Marco Diaz
|
0-0: Ball 1-0: Ball 2-0: Ball 3-0: Base on Balls
|
|
Batting: LHB Chris Jackson
|
0-0: Called Strike 0-1: Ball 1-1: Ball 2-1: Foul Ball, location: 2F 2-2: Fielders Choice at 2nd, 6-4 (Groundball, 6, EV 86.2 MPH)
|
| Top of the 1st over - 0 runs, 0 hits, 0 errors, 1 left on base; Everett 0 - Vermont 0 |
| BOTTOM OF THE 1ST |
|
Vermont Lake Monsters batting - Pitching for Everett AquaSox : RHP Jose Albarran
|
|
Pitching: RHP Jose Albarran
|
|
|
Batting: RHB Josh Mauer
|
0-0: Ball 1-0: Swinging Strike 1-1: Called Strike 1-2: Foul Ball, location: 2F 1-2: Ball 2-2: Foul Ball, location: 2F 2-2: Strikes out swinging
|
|
Batting: RHB Walt Alaniz
|
0-0: Ground out 6-3 (Groundball, 6, EV 85.6 MPH)
|
|
Batting: RHB Zachary Anderson
|
0-0: Called Strike 0-1: Foul Ball, location: 2F 0-2: Ball 1-2: Foul Ball, location: 2F 1-2: Ball 2-2: SINGLE (Groundball, 6S, EV 68.8 MPH) (infield hit)
|
|
Batting: LHB Brian Puccio
|
0-0: Ball 1-0: Foul Ball, location: 2F 1-1: Ball 2-1: Foul Ball, location: 2F 2-2: Strikes out looking
|
| Bottom of the 1st over - 0 runs, 1 hit, 0 errors, 1 left on base; Everett 0 - Vermont 0 |
| TOP OF THE 2ND |
|
Everett AquaSox batting - Pitching for Vermont Lake Monsters : RHP Kyle Rasor
|
|
Batting: LHB William Gonzales
|
0-0: Called Strike 0-1: Called Strike 0-2: Ball 1-2: Ball 2-2: Strikes out looking
|
|
Batting: RHB Tai Joo
|
0-0: Ball 1-0: Foul Ball, location: 2F 1-1: SINGLE (Flyball, 4MD, EV 83.1 MPH)
|
|
Batting: RHB Eddie Luna
|
0-0: Swinging Strike 0-1: Called Strike 0-2: Strikes out swinging
|
|
Batting: LHB Ryan Daniels
|
0-0: Ball 1-0: Called Strike 1-1: Swinging Strike 1-2: Strikes out swinging
|
| Top of the 2nd over - 0 runs, 1 hit, 0 errors, 1 left on base; Everett 0 - Vermont 0 |
| BOTTOM OF THE 2ND |
|
Vermont Lake Monsters batting - Pitching for Everett AquaSox : RHP Jose Albarran
|
|
Batting: RHB Chris Temple
|
0-0: Reached on error, E4 (Groundball, 13, EV 88.8 MPH)
|
|
Batting: RHB Jon Coleman
|
0-0: Ball 1-0: Ball 2-0: Ball 3-0: Called Strike 3-1: TRIPLE (Flyball, 78XD, EV 100.0 MPH) Chris Temple scores
|
|
Batting: RHB Amare Brown
|
0-0: Ball 1-0: Ball 2-0: Called Strike 2-1: Called Strike 2-2: Ball 3-2: Base on Balls
|
|
Batting: RHB Rusty Prodoehl
|
0-0: Ball 1-0: Fly out, F8 (Flyball, 78S, EV 85.0 MPH)
|
|
Batting: RHB Chris Prinzing
|
0-0: Foul Ball, location: 2F 0-1: Ball 1-1: Ball 2-1: Foul Ball, location: 2F 2-2: Ball 3-2: Strikes out looking
|
|
Batting: RHB Josh Mauer
|
0-0: Foul Ball, location: 2F 0-1: Ball 1-1: Called Strike 1-2: Strikes out swinging
|
| Bottom of the 2nd over - 1 run, 1 hit, 1 error, 2 left on base; Everett 0 - Vermont 1 |
| TOP OF THE 3RD |
|
Everett AquaSox batting - Pitching for Vermont Lake Monsters : RHP Kyle Rasor
|
|
Batting: RHB Omar Solis
|
0-0: Ground out 3-1 (Groundball, 34, EV 85.0 MPH)
|
|
Batting: RHB Doug Carter
|
0-0: Ball 1-0: Ball 2-0: Foul Ball, location: 2F 2-1: Ball 3-1: Foul Ball, location: 2F 3-2: SINGLE (Groundball, 6MD, EV 93.8 MPH)
|
|
Batting: RHB Heihachiro Fujita
|
0-0: Ball Doug Carter steals 2nd base (no throw) 1-0: Ball 2-0: Foul Ball, location: 2F 2-1: Ball 3-1: Foul Ball, location: 2F 3-2: Strikes out swinging
|
|
Batting: RHB Marco Diaz
|
0-0: Ball 1-0: SINGLE (Groundball, 34D, EV 106.2 MPH) Doug Carter to third Runner from 3rd tries for Home, throw by RF and OUT! 9-2
|
| Top of the 3rd over - 0 runs, 2 hits, 0 errors, 1 left on base; Everett 0 - Vermont 1 |
| BOTTOM OF THE 3RD |
|
Vermont Lake Monsters batting - Pitching for Everett AquaSox : RHP Jose Albarran
|
|
Batting: RHB Walt Alaniz
|
0-0: Ball 1-0: Foul Ball, location: 2F 1-1: Ball 2-1: Ground out 4-3 (Groundball, 4S, EV 85.6 MPH)
|
|
Batting: RHB Zachary Anderson
|
0-0: Called Strike 0-1: Swinging Strike 0-2: Strikes out swinging
|
|
Batting: LHB Brian Puccio
|
0-0: Ball 1-0: Ground out 6-3 (Groundball, 4MS, EV 85.0 MPH)
|
| Bottom of the 3rd over - 0 runs, 0 hits, 0 errors, 0 left on base; Everett 0 - Vermont 1 |
| TOP OF THE 4TH |
|
Everett AquaSox batting - Pitching for Vermont Lake Monsters : RHP Kyle Rasor
|
|
Batting: LHB Chris Jackson
|
0-0: Ball 1-0: Ball 2-0: Fly out, F8 (Flyball, 8LXD, EV 103.8 MPH)
|
|
Batting: LHB William Gonzales
|
0-0: Ball 1-0: Ball 2-0: Foul Ball, location: 2F 2-1: Swinging Strike 2-2: Ball 3-2: Strikes out looking
|
|
Batting: RHB Tai Joo
|
0-0: Fly out, F9 (Flyball, 9D, EV 106.9 MPH)
|
| Top of the 4th over - 0 runs, 0 hits, 0 errors, 0 left on base; Everett 0 - Vermont 1 |
| BOTTOM OF THE 4TH |
|
Vermont Lake Monsters batting - Pitching for Everett AquaSox : RHP Jose Albarran
|
|
Batting: RHB Chris Temple
|
0-0: Ball 1-0: Ball 2-0: Called Strike 2-1: Foul Ball, location: 2F 2-2: SINGLE (Flyball, 89S, EV 91.9 MPH)
|
|
Batting: RHB Jon Coleman
|
0-0: Called Strike 0-1: SINGLE (Groundball, 56, EV 98.1 MPH) Chris Temple to second
|
|
Batting: RHB Amare Brown
|
0-0: Ball Wild Pitch! Chris Temple to third Jon Coleman to second 1-0: Called Strike 1-1: Called Strike 1-2: Strikes out swinging
|
|
Batting: RHB Rusty Prodoehl
|
0-0: SINGLE (Line Drive, 89S, EV 86.9 MPH) Chris Temple scores Jon Coleman to third
|
|
Batting: RHB Chris Prinzing
|
0-0: Ball 1-0: Called Strike 1-1: Fly out, F7 (Flyball, 7S, EV 71.9 MPH)
|
|
Batting: RHB Josh Mauer
|
0-0: Called Strike 0-1: Fielders Choice at 2nd, 5-4 (Groundball, 56, EV 83.8 MPH)
|
| Bottom of the 4th over - 1 run, 3 hits, 0 errors, 2 left on base; Everett 0 - Vermont 2 |
| TOP OF THE 5TH |
|
Everett AquaSox batting - Pitching for Vermont Lake Monsters : RHP Kyle Rasor
|
|
Batting: RHB Eddie Luna
|
0-0: Called Strike 0-1: Foul Ball, location: 2F 0-2: Strikes out looking
|
|
Batting: LHB Ryan Daniels
|
0-0: Ball 1-0: Ball 2-0: Ball 3-0: Base on Balls
|
|
Batting: RHB Omar Solis
|
0-0: Ball 1-0: Swinging Strike 1-1: Ball 2-1: Foul Ball, location: 2F 2-2: Fielders Choice at 2nd, 2-4 (Groundball, 2L, EV 68.1 MPH)
|
|
Pitching: RHP Pedro Taveras
|
|
|
Batting: RHB Doug Carter
|
0-0: Called Strike 0-1: Swinging Strike 0-2: Strikes out swinging
|
| Top of the 5th over - 0 runs, 0 hits, 0 errors, 1 left on base; Everett 0 - Vermont 2 |
| BOTTOM OF THE 5TH |
|
Vermont Lake Monsters batting - Pitching for Everett AquaSox : RHP Jose Albarran
|
|
Batting: RHB Walt Alaniz
|
0-0: Called Strike 0-1: Swinging Strike 0-2: Ball 1-2: Foul Ball, location: 2F 1-2: Foul Ball, location: 2F 1-2: DOUBLE (Line Drive, 78D, EV 105.0 MPH)
|
|
Batting: RHB Zachary Anderson
|
0-0: Foul Ball, location: 2F 0-1: Ball 1-1: Swinging Strike 1-2: Ball 2-2: Ball 3-2: Fly out, F8 (Flyball, 8RM, EV 96.2 MPH)
|
|
Batting: LHB Brian Puccio
|
0-0: SINGLE (Groundball, 34D, EV 106.2 MPH) Walt Alaniz to third
|
|
Batting: RHB Chris Temple
|
0-0: SINGLE (Groundball, 56D, EV 101.2 MPH) Walt Alaniz scores Brian Puccio to second
|
|
Batting: RHB Jon Coleman
|
0-0: Ball 1-0: Ball 2-0: Foul Ball, location: 2F 2-1: Foul Ball, location: 2F 2-2: Foul Ball, location: 2F 2-2: Strikes out swinging
|
|
Batting: RHB Amare Brown
|
0-0: Fielders Choice at 2nd, 6-4 (Groundball, 6D, EV 85.6 MPH)
|
| Bottom of the 5th over - 1 run, 3 hits, 0 errors, 2 left on base; Everett 0 - Vermont 3 |
| TOP OF THE 6TH |
|
Everett AquaSox batting - Pitching for Vermont Lake Monsters : RHP Pedro Taveras
|
|
Batting: RHB Heihachiro Fujita
|
0-0: Called Strike 0-1: Ball 1-1: Ball 2-1: Ground out 5-3 (Groundball, 5, EV 87.5 MPH)
|
|
Batting: RHB Marco Diaz
|
0-0: Fly out, F7 (Flyball, 78S, EV 93.8 MPH)
|
|
Batting: LHB Chris Jackson
|
0-0: Called Strike 0-1: Ball 1-1: Swinging Strike 1-2: Strikes out swinging
|
| Top of the 6th over - 0 runs, 0 hits, 0 errors, 0 left on base; Everett 0 - Vermont 3 |
| BOTTOM OF THE 6TH |
|
Vermont Lake Monsters batting - Pitching for Everett AquaSox : RHP Jose Albarran
|
|
Batting: RHB Rusty Prodoehl
|
0-0: Ground out U3 (Groundball, 13, EV 90.0 MPH)
|
|
Batting: RHB Chris Prinzing
|
0-0: Ball 1-0: Called Strike 1-1: Ball 2-1: Swinging Strike 2-2: Strikes out swinging
|
|
Batting: RHB Josh Mauer
|
0-0: Foul Ball, location: 2F 0-1: Ball 1-1: Ball 2-1: Called Strike 2-2: Fly out, F6 (Popup, 15, EV 78.8 MPH)
|
| Bottom of the 6th over - 0 runs, 0 hits, 0 errors, 0 left on base; Everett 0 - Vermont 3 |
| TOP OF THE 7TH |
|
Everett AquaSox batting - Pitching for Vermont Lake Monsters : RHP Pedro Taveras
|
|
Batting: LHB William Gonzales
|
0-0: Called Strike 0-1: Fly out, F9 (Flyball, 9S, EV 97.5 MPH)
|
|
Batting: RHB Tai Joo
|
0-0: Ball 1-0: Ball 2-0: Ball 3-0: Base on Balls
|
|
Batting: RHB Eddie Luna
|
0-0: Ball 1-0: Ball 2-0: Fielders Choice at 2nd, 5-4 (Groundball, 56S, EV 85.6 MPH)
|
|
Batting: LHB Ryan Daniels
|
0-0: Called Strike 0-1: Ball Wild Pitch! Eddie Luna to second 1-1: Foul Ball, location: 2F 1-2: Strikes out swinging
|
| Top of the 7th over - 0 runs, 0 hits, 0 errors, 1 left on base; Everett 0 - Vermont 3 |
| BOTTOM OF THE 7TH |
|
Vermont Lake Monsters batting - Pitching for Everett AquaSox : RHP Jose Albarran
|
|
Batting: RHB Walt Alaniz
|
0-0: Ball 1-0: Called Strike 1-1: Foul Ball, location: 2F 1-2: Foul Ball, location: 2F 1-2: Ball 2-2: Foul Ball, location: 2F 2-2: Strikes out swinging
|
|
Pitching: LHP Chris Wheeler
|
|
|
Batting: RHB Zachary Anderson
|
0-0: Ball 1-0: Ball 2-0: Ball 3-0: Called Strike 3-1: Foul Ball, location: 2F 3-2: Base on Balls
|
|
Batting: LHB Brian Puccio
|
0-0: Ball 1-0: Ball Wild Pitch! Zachary Anderson to second 2-0: Ball 3-0: Called Strike 3-1: Base on Balls
|
|
Batting: RHB Chris Temple
|
0-0: Foul Ball, location: 2F 0-1: Fielders Choice at 2nd, 6-4 (Groundball, 56, EV 83.8 MPH) Zachary Anderson to third
|
|
Batting: RHB Jon Coleman
|
0-0: Ground out 4-3 (Groundball, 4, EV 98.1 MPH)
|
| Bottom of the 7th over - 0 runs, 0 hits, 0 errors, 2 left on base; Everett 0 - Vermont 3 |
| TOP OF THE 8TH |
|
Everett AquaSox batting - Pitching for Vermont Lake Monsters : RHP Pedro Taveras
|
|
Pitching: RHP Emanuel Andrade
|
|
|
Now at 3B: Alberto Malagon
|
|
|
Batting: RHB Omar Solis
|
0-0: Ground out 6-3 (Groundball, 6, EV 102.5 MPH)
|
|
Batting: RHB Doug Carter
|
0-0: Ball 1-0: Called Strike 1-1: Foul Ball, location: 2F 1-2: Ground out 4-3 (Groundball, 4, EV 83.8 MPH)
|
|
Batting: RHB Heihachiro Fujita
|
0-0: Ball 1-0: Ball 2-0: Ball 3-0: Base on Balls
|
|
Batting: RHB Marco Diaz
|
0-0: Ball 1-0: Called Strike 1-1: Ball 2-1: Called Strike 2-2: Foul Ball, location: 2F 2-2: Hit by Pitch Heihachiro Fujita to second
|
|
Batting: LHB Chris Jackson
|
0-0: Called Strike 0-1: Foul Ball, location: 2F 0-2: Strikes out swinging
|
| Top of the 8th over - 0 runs, 0 hits, 0 errors, 2 left on base; Everett 0 - Vermont 3 |
| BOTTOM OF THE 8TH |
|
Vermont Lake Monsters batting - Pitching for Everett AquaSox : LHP Chris Wheeler
|
|
Batting: RHB Amare Brown
|
0-0: Ball 1-0: Called Strike 1-1: Ground out 4-3 (Groundball, 4S, EV 82.5 MPH)
|
|
Batting: RHB Rusty Prodoehl
|
0-0: Ball 1-0: SINGLE (Groundball, 6MD, EV 102.5 MPH)
|
|
Batting: RHB Chris Prinzing
|
0-0: Called Strike 0-1: Ball 1-1: Called Strike 1-2: Ball 2-2: Ball 3-2: Base on Balls Rusty Prodoehl to second
|
|
Batting: RHB Josh Mauer
|
0-0: Swinging Strike 0-1: Ball 1-1: Swinging Strike 1-2: Strikes out swinging
|
|
Pitching: RHP Jim Tremel
|
|
|
Batting: RHB Walt Alaniz
|
0-0: Ball 1-0: Swinging Strike 1-1: Fly out, F8 (Flyball, 8RD, EV 100.6 MPH)
|
| Bottom of the 8th over - 0 runs, 1 hit, 0 errors, 2 left on base; Everett 0 - Vermont 3 |
| TOP OF THE 9TH |
|
Everett AquaSox batting - Pitching for Vermont Lake Monsters : RHP Emanuel Andrade
|
|
Batting: LHB William Gonzales
|
0-0: Ball 1-0: Ball 2-0: Ball 3-0: Base on Balls
|
|
Batting: RHB Tai Joo
|
0-0: Ball 1-0: Foul Ball, location: 2F 1-1: Foul Ball, location: 2F 1-2: Strikes out swinging
|
|
Batting: RHB Eddie Luna
|
0-0: Ball 1-0: Called Strike 1-1: Foul Ball, location: 2F 1-2: Strikes out looking
|
|
Pitching: LHP Cory Yeary
|
|
|
Pinch Hitting: RHB Matt Fenimore
|
0-0: Foul Ball, location: 2F 0-1: Called Strike 0-2: Ball 1-2: Foul Ball, location: 2F 1-2: Ball 2-2: Ball 3-2: 2-RUN HOME RUN (Flyball, 7D, EV 110.0 MPH), Distance : 391 ft
|
|
Batting: RHB Omar Solis
|
0-0: Called Strike 0-1: Ground out 5-3 (Groundball, 56, EV 104.4 MPH)
|
| Top of the 9th over - 2 runs, 1 hit, 0 errors, 0 left on base; Everett 2 - Vermont 3 |
|